 Dungeon Sprint DCSS version 0.19.0-2-gae57169 (webtiles) character file.

700 poirepourri the Fighter (level 7, -13/82 HPs)
             Began as a Minotaur Fighter on Nov 3, 2016.
             Was an Initiate of Okawaru.
             Killed by drain life
             ... invoked by a soul eater
             ... summoned by a kobold demonologist
              (16 damage)
             ... in the Dungeon (Sprint I: "Red Sonja").
             The game lasted 00:01:23 (672 turns).

poirepourri the Fighter (Minotaur Fighter)           Turns: 672, Time: 00:01:24

Health: -13/82     AC:  6    Str: 21    XL:     7   Next: 38%
Magic:  6/6        EV:  8    Int:  5    God:    Okawaru [......]
Gold:   419        SH:  9    Dex: 11    Spells: 0 memorised, 6 levels left

rFire  . . .     SeeInvis .     a - +0 war axe
rCold  . . .     Gourm    .     b - +0 scale mail
rNeg   . . .     Faith    .     c - +0 shield
rPois  .         Spirit   .     (helmet restricted)
rElec  .         Reflect  .     (no cloak)
rCorr  .         Harm     .     (no gloves)
MR     .....     NoTele   +     (no boots)
Stlth  ..........               (no amulet)
                                (no ring)
                                (no ring)

@: lethally poisoned (-13 -> -23), very slightly contaminated
A: retaliatory headbutt, horns 2
a: Renounce Religion


You were in the Dungeon.
You worshipped Okawaru.
Okawaru was noncommittal.
You were not hungry.

You visited 1 branch You collected 419 gold pieces.

Inventory:

Hand Weapons
 a - a +0 war axe (weapon)
Armour
 b - a +0 scale mail (worn)
 c - a +0 shield (worn)
Potions
 d - a potion of might
 e - a potion of curing
 g - a potion of heal wounds
 h - a potion of haste
 i - 2 potions of magic
 j - a potion of berserk rage
Comestibles
 f - a bread ration
 l - a meat ration


   Skills:
 + Level 14.6 Fighting
 + Level 11.9 Axes
 - Level 3.6 Armour
 + Level 1.6 Dodging
 - Level 3.6 Shields


You had 6 spell levels left.
You didn't know any spells.

Dungeon Overview and Level Annotations

Branches:
Dungeon (1/1)

Altars:
Cheibriados
Dithmenos
Elyvilon
Fedhas
Gozag
Hepliaklqana
Kikubaaqudgha
Makhleb
Nemelex Xobeh
Okawaru
Qazlal
Ru
Sif Muna
Trog
Uskayaw
Vehumet
Xom
Yredelemnul
Zin
The Shining One
Jiyva
Lugonu

Shops:
D *


Innate Abilities, Weirdness & Mutations

You reflexively headbutt those who attack you in melee.
You have a pair of horns on your head.


Message History

The kobold demonologist mumbles some strange words.
Unknown command.
You closely miss the kobold demonologist.
Your headbutt misses the kobold demonologist.
The kobold demonologist is moderately wounded.
You slash the orange demon! You hit the quasit but do no damage.
You hit the kobold demonologist. You closely miss the soul eater.
The red devil hits you from afar with a trident of piercing!!
* * * LOW HITPOINT WARNING * * *
x2 The red devil hits you but does no damage.
The kobold demonologist hits you but does no damage.
You are lethally poisoned!
The orange demon stings you but does no damage.
You block the orange demon's attack.
The quasit bites you but does no damage.
The quasit barely misses you. You block the quasit's attack.
The kobold demonologist hits you with a dagger.
* * * LOW HITPOINT WARNING * * *
The soul eater draws from the surrounding life force!
You die...

##################
.#..'..#__#..'44K#
.').#..'..'..#55@#
'#####'#__####4K3+
.#...#.#### #####
##..##.# _##'#..+
..รท..._# _##_.#+#
_###+# ##


You could see a soul eater, an orange demon, 2 kobold demonologists, 2 red
devils and 2 quasits.

Vanquished Creatures
  A slime creature (D)
  Sigmund (D)
  A yak (D)
  A floating eye (D)
  An ogre (D)
  A jelly (D)
  Ijyb (D)
7 creatures vanquished.

Notes
Turn   | Place    | Note
-------+----------+-------------------------------------------
     0 | D        | poirepourri the Minotaur Fighter began the quest for the Orb.
     0 | D        | Reached XP level 1. HP: 19/19 MP: 0/0
     3 | D        | Noticed Ijyb
    13 | D        | Killed Ijyb
    13 | D        | Reached skill level 6 in Fighting
    13 | D        | Reached XP level 2. HP: 21/31 MP: 1/1
   114 | D        | Noticed an ogre
   120 | D        | Killed an ogre
   120 | D        | Reached skill level 9 in Fighting
   120 | D        | Reached XP level 3. HP: 24/45 MP: 2/2
   120 | D        | Reached XP level 4. HP: 28/51 MP: 3/3
   255 | D        | Noticed Sigmund
   263 | D        | Killed Sigmund
   263 | D        | Reached skill level 12 in Fighting
   263 | D        | Reached XP level 5. HP: 54/62 MP: 4/4
   316 | D        | Found a deep blue altar of Sif Muna.
   318 | D        | Found a radiant altar of Vehumet.
   320 | D        | Reached skill level 1 in Dodging
   320 | D        | Reached XP level 6. HP: 70/71 MP: 5/5
   332 | D        | Found Ganeest's Assorted Antiques.
   332 | D        | Found an ancient bone altar of Kikubaaqudgha.
   332 | D        | Found a hazy altar of Hepliaklqana.
   332 | D        | Found a stormy altar of Qazlal.
   332 | D        | Found a hide-covered altar of Uskayaw.
   332 | D        | Found a blossoming altar of Fedhas.
   332 | D        | Found a bloodstained altar of Trog.
   332 | D        | Found an iron altar of Okawaru.
   332 | D        | Found a basalt altar of Yredelemnul.
   332 | D        | Found a glowing golden altar of the Shining One.
   332 | D        | Found a snail-covered altar of Cheibriados.
   332 | D        | Found a sacrificial altar of Ru.
   332 | D        | Found a glowing silver altar of Zin.
   332 | D        | Found a shadowy altar of Dithmenos.
   332 | D        | Found a white marble altar of Elyvilon.
   332 | D        | Noticed a yak
   340 | D        | Killed a yak
   340 | D        | Reached skill level 13 in Fighting
   340 | D        | Reached skill level 10 in Axes
   341 | D        | Found an opulent altar of Gozag.
   342 | D        | Found a sparkling altar of Nemelex Xobeh.
   348 | D        | Became a worshipper of Warmaster Okawaru
   588 | D        | Found a burning altar of Makhleb.
   588 | D        | Found a viscous altar of Jiyva.
   588 | D        | Found a shimmering altar of Xom.
   588 | D        | Found a corrupted altar of Lugonu.
   588 | D        | Noticed a slime creature
   596 | D        | Killed a slime creature
   596 | D        | Reached skill level 14 in Fighting
   596 | D        | Reached XP level 7. HP: 70/82 MP: 6/6
   660 | D        | Noticed a kobold demonologist
   661 | D        | Noticed a kobold demonologist
   661 | D        | Paralysed by a floating eye for 4 turns
   664 | D        | Noticed an orange demon
   667 | D        | Noticed a red devil
   668 | D        | Noticed a red devil
   672 | D        | Noticed a soul eater
   672 | D        | HP: 3/82 [kobold demonologist/dagger (4)]
   672 | D        | Killed from afar by a soul eater

Skill      XL: |  1  2  3  4  5  6 |
---------------+-------------------+-----
Fighting       | 6 9 12 14 | 14.6
Axes           | 4 6 9 11 | 11.9
Dodging        | 1 |  1.6
Armour         | |  3.6
Shields        | |  3.6

Action                   |  1- 3 |  4- 6 |  7- 9 || total
-------------------------+-------+-------+-------++-------
Melee: War axe           |    14 |    24 |     6 ||    44
       Headbutt          |     5 |     5 |       ||    10
  Use: Scroll            |       |       |     1 ||     1
Armor: Scale mail        |     3 |     4 |    20 ||    27
Dodge: Dodged            |     7 |     2 |    10 ||    19
Block: Shield            |     2 |     7 |    13 ||    22
